 Dungeon Crawl Stone Soup version 0.30-a0-358-g0d69a1922f (webtiles) character file.

Game seed: 17339382409780685574

17 Jp444 the Trooper (level 2, -7/19 HPs)
             Began as a Gargoyle Berserker on Nov 10, 2022.
             Was a Believer of Trog.
             Engulfed by a cloud of flame (26 damage)
             ... on level 1 of the Dungeon.
             The game lasted 00:03:06 (867 turns).

Jp444 the Trooper (Gargoyle Berserker)               Turns: 867, Time: 00:03:06

Health: -7/19      AC:  5    Str: 20    XL:     2   Next: 62%
Magic:  2/2        EV: 11    Int:  7    God:    Trog [**....]
Gold:   47         SH:  0    Dex:  9    Spells: 1/1 levels left

rFire   . . .      SeeInvis .    a - +0 mace
rCold   . . .      Faith    .    (no shield)
rNeg    + . .      Spirit   .    b - +0 animal skin
rPois   ∞          Reflect  .    (no helmet)
rElec   +          Harm     .    (no cloak)
rCorr   .          Rampage  .    (no gloves)
Will    .....                    (no boots)
Stlth   +.........               (no amulet)
HPRegen 0.23/turn                (no ring)
MPRegen 0.08/turn                (no ring)

@: no status effects
A: sickness immunity, AC +2, negative energy resistance 1, electricity
resistance, torment resistance 1, petrification resistance
a: Renounce Religion, Berserk, Trog's Hand


You were on level 1 of the Dungeon.
You worshipped Trog.
Trog was pleased with you.
You visited 1 branch of the dungeon, and saw 1 of its levels.

You collected 47 gold pieces.

Inventory:

Hand Weapons
 a - a +0 mace (weapon)
Armour
 b - a +0 animal skin (worn)
Scrolls
 c - a scroll of poison {unknown}
 d - a scroll of magic mapping {unknown}
 e - a scroll of brand weapon {unknown}
 f - a scroll of identify {unknown}
Potions
 g - a potion of degeneration {unknown}
 h - a potion of might {unknown}


   Skills:
 + Level 3.6 Fighting
 + Level 3.3 Maces & Flails
 + Level 2.7 Armour
 - Level 1.5 Dodging


You had one spell level left.
You didn't know any spells.
Your spell library was empty.

Dungeon Overview and Level Annotations

Branches:
Dungeon (1/15)

Altars:


Innate Abilities, Weirdness & Mutations

You are immune to sickness and miasma.
Your stone body is resilient. (AC +2)
You are immune to poison.
You resist negative energy. (rN+)
You are resistant to electric shocks. (rElec)
You are resistant to unholy torment.
You are immune to petrification.


Message History

No target in view!
You now have 47 gold pieces (gained 3).
A rat and a frilled lizard come into view.
The frilled lizard hisses angrily.
You hit the frilled lizard but do no damage.
The frilled lizard barely misses you.
You closely miss the frilled lizard. The frilled lizard barely misses you.
You hit the frilled lizard but do no damage.
The frilled lizard bites you but does no damage.
The frilled lizard bites you.
You barely miss the frilled lizard. The frilled lizard barely misses you.
You closely miss the frilled lizard. The frilled lizard barely misses you.
You closely miss the frilled lizard. The frilled lizard bites you.
You sock the frilled lizard!
You kill the frilled lizard!
Trog accepts your kill.
You can now call upon Trog for regeneration and willpower.
The rat bites you.
You hit the rat but do no damage. The rat bites you but does no damage.
You barely miss the rat. The rat closely misses you.
You hit the rat.
The rat is moderately wounded.
The rat bites you.
You sock the rat!
You kill the rat!
Trog accepts your kill.
No target in view!
You see here a frilled lizard corpse.
You see here a frilled lizard corpse.
There is an open door here.
There is an open door here.
Found a robe.
Partly explored, can't reach some items and places.
Partly explored, can't reach some items and places.
Really walk into a travel-excluded area? [Y]es or [N]o only, please.
Really walk into a travel-excluded area?
You are engulfed in blazing flames.
Ouch! That really hurt!
You die...

# ##....# #§§§# #.#
#.##
##...#####...######.#
#.#
##'#.☼☼§.$...§§§...#
#.#
#...○§§.....§§§..##
#.#
#...°○§...$...☼.##
#.##
####.######$..#####
#.#. #.....# #.§§#
#.#. ######.....#
#§§§# #.#.
...........# #@.☼#
##.#.
####.#.#...#####..[#
#.#..
#.#.#...##.###.##
##.#.
#.#............# ###.
#.#####.######## #.
#.......# #.
######### ##


There were no monsters in sight!

Vanquished Creatures
  4 endoplasms (D:1)
  A giant cockroach (D:1)
  A hobgoblin (D:1)
  A kobold (D:1)
  A ball python (D:1)
  4 bats (D:1)
  3 frilled lizards (D:1)
  2 rats (D:1)
17 creatures vanquished.

Notes
Turn   | Place    | Note
-------+----------+-------------------------------------------
     0 | D:1      | Jp444 the Gargoyle Berserker began the quest for the Orb.
     0 | D:1      | Reached XP level 1. HP: 14/14 MP: 1/1
   268 | D:1      | Reached XP level 2. HP: 19/19 MP: 2/2
   729 | D:1      | Reached ** piety under Trog
   867 | D:1      | Engulfed by a cloud of flame

Illustrated notes

Levels and vault maps discovered:
D:1:      dpeg_arrival_pits, layout_loops_corners, lemuel_flame_loot_1

Action                   || total
-------------------------++-------
Melee: Mace              ||    47
 Stab: Sleeping          ||     1
Armor: Animal skin       ||    14
Dodge: Dodged            ||    19

Table legend: (Time is in decaauts)
 A = Elapsed time spent in this place.
 B = Non-inter-level travel time spent in this place.
 C = Inter-level travel time spent in this place.
 D = Time resting spent in this place.
 E = Time spent auto-exploring this place.
 F = Levels seen in this place.
 G = Mean time per level.
                   A        B        C        D        E       F      G
               +--------+--------+--------+--------+--------+-----+--------+
         Total |    879 |    879 |      0 |      0 |    758 |   1 |  879.0 |
       Dungeon |    879 |    879 |      0 |      0 |    758 |   1 |  879.0 |
               +--------+--------+--------+--------+--------+-----+--------+

Top non-repeatable levels by time:
     D:1: 879 daAuts
